 Dungeon Crawl Stone Soup version 0.17.0-26-gececa24 (console) character file.

5022 gw the Cleaver (level 10, 59/91 HPs)
             Began as a Deep Dwarf Fighter on Nov 19, 2015.
             Was a Believer of Makhleb.
             Starved to death
             ... on level 8 of the Dungeon.
             The game lasted 00:11:03 (7170 turns).

gw the Cleaver (Deep Dwarf Fighter)                 Turns: 7170, Time: 00:11:03

Health: 59/91      AC: 18    Str: 19    XL:     10   Next: 30%
Magic:  9/9        EV:  4    Int: 10    God:    Makhleb [**....]
Gold:   540        SH: 11    Dex: 15    Spells: 0 memorised, 9 levels left

rFire  . . .     SeeInvis +     b - +7 broad axe {pain, SInv Stlth+}
rCold  . . .     Clarity  .     y - +0 plate armour (curse)
rNeg   . . .     SustAt   .     c - +0 shield
rPois  .         Gourm    .     j - +0 helmet
rElec  .         Spirit   .     d - +0 cloak
rCorr  .         Warding  .     k - +0 pair of gloves
rMut   .         Stasis   .     m - +0 pair of boots
MR     +....                    (no amulet)
Stlth  ..........               (no ring)
                                r - +4 ring of slaying

@: fainting, non-regenerating, somewhat resistant to hostile enchantments,
extremely unstealthy
A: damage resistance, recharge devices, sense surroundings 2, slow regeneration
3
a: Device Recharging, Minor Destruction, Renounce Religion


You were on level 8 of the Dungeon.
You worshipped Makhleb.
Makhleb was pleased with you.
You were fainting.

You visited 2 branches of the dungeon, and saw 9 of its levels.
You visited the Abyss 1 time.

You collected 540 gold pieces.

Inventory:

Hand Weapons
 b - the +7 broad axe "Lifebane" (weapon) {pain, SInv Stlth+}
   (You acquired it in the Ecumenical Temple)

   In the hands of one skilled in necromantic magic, it inflicts extra damage on
   living creatures.
   It lets you see invisible.
   It makes you more stealthy.
Missiles
 h - 111 stones (quivered)
 l - 47 poisoned needles
 u - 5 curare-tipped needles
Armour
 c - a +0 shield (worn)
 d - a +0 cloak (worn)
 j - a +0 helmet (worn)
 k - a +0 pair of gloves (worn)
 m - a +0 pair of boots (worn)
 y - a cursed +0 plate armour (worn)
Jewellery
 r - a +4 ring of slaying (left hand)
Wands
 e - a wand of heal wounds (1)
 x - a wand of disintegration (7)
Scrolls
 a - 2 scrolls of remove curse {unknown}
 g - 4 scrolls of identify
 n - a scroll of blinking {unknown}
 s - a scroll of teleportation
Potions
 q - 2 potions of curing
 w - a potion of haste
Comestibles
 f - 8 bread rations
 i - 8 beef jerkies
 o - a slice of pizza
 p - 4 meat rations
 t - a royal jelly


   Skills:
 + Level 6.1 Fighting
 * Level 9.6 Axes
 + Level 5.4 Throwing
 + Level 7.3 Armour
 + Level 7.5 Shields
 + Level 3.6 Invocations
 - Level 2.1 Evocations


You had 9 spell levels left.
You didn't know any spells.

Dungeon Overview and Level Annotations

Branches:
Dungeon (8/15)             Temple (1/1) D:6
   Lair: D:8-11

Altars:
Ashenzari
Cheibriados
Dithmenos
Elyvilon
Fedhas
Gozag
Kikubaaqudgha
Makhleb
Nemelex Xobeh
Okawaru
Qazlal
Ru
Sif Muna
Trog
Vehumet
Xom
Yredelemnul
Zin
The Shining One


Innate Abilities, Weirdness & Mutations

You are resistant to damage.
You can recharge devices by infusing magical energy.
You passively map the area around you.
You do not regenerate naturally.


Message History

ATTACK MOVE TO (1,0) ATTACK MOVE TO (0,1) ATTACK MOVE TO (1,0) ATTACK MOVE TO (0,1) ATTACK MOVE TO (1,0) ATTACK MOVE TO (0,1) ATTACK MOVE TO (1,0) ATTACK MOVE TO (0,1) ATTACK MOVE TO (1,0) ATTACK MOVE TO (0,1) ATTACK MOVE TO (1,0) ATTACK MOVE TO (0,1) ATTACK MOVE TO (1,0) ATTACK MOVE TO (0,1) ATTACK MOVE TO (1,0) ATTACK MOVE TO (0,1) ATTACK MOVE TO (1,0) ATTACK MOVE TO (0,1)
You have starved to death.
You die...

#...((....)..............
#...#####................
#..## #..###..#......[.
#..## ##(# #..#........
#..# ####.####..#.......
##..,
##..))...##.##......
###,##.........##........
* #...........#........
#...g###....#..##....
*#...##y##...#..##....
*#....###....#........ *
,##.........##)###.... ,
*#...._...)##.# ##... *
##.)..)..##..# ##..
###.).### * ##. , #### *
#.. ** , *...


You could see a moth of wrath.

Table legend:
 A = Turns spent in this place as a percentage of turns spent in the entire game.
 B = Non-inter-level travel turns spent in this place as a percentage of non-inter-level travel turns spent in the entire game.
 C = Inter-level travel turns spent in this place as a percentage of turns spent in this place.
 D = Turns resting spent in this place as a percentage of non-inter-level travel turns spent in this place.
 E = Turns spent auto-exploring this place as a percentage of non-inter-level travel turns spent in this place.
 F = Non-inter-level travel turns spent in this place divided by the number of levels of this place that you've seen.
                   A       B       C       D       E      F
               +-------+-------+-------+-------+-------+----------------------
         Total | 100.0 | 100.0 |   0.3 |   0.0 |   1.8 | 1712.3
       Dungeon |  97.8 |  97.8 |   0.3 |   0.0 |   1.7 | 2094.1
        Temple |   1.8 |   1.8 |   0.3 |   0.0 |   3.6 | 308.0
         Abyss |   0.4 |   0.4 |   0.0 |   0.0 |   3.2 |  62.0
               +-------+-------+-------+-------+-------+----------------------

Table legend:
 A = Kills in this place as a percentage of kills in entire the game.
 B = Kills by you in this place as a percentage of kills by you in the entire game.
 C = Kills by friends in this place as a percentage of kills by friends in the entire game.
 D = Other kills in this place as a percentage of other kills in the entire game.
 E = Experience gained in this place as a percentage of experience gained in the entire game.
 F = Experience gained in this place divided by the number of levels of this place that you have seen.
                   A       B       C       D       E      F
               +-------+-------+-------+-------+-------+----------------------
         Total | 100.0 | 100.0 |  -nan | 100.0 | 100.0 | 717.5
       Dungeon | 100.0 | 100.0 |  -nan | 100.0 | 100.0 | 896.9
               +-------+-------+-------+-------+-------+----------------------

Vanquished Creatures
  Pikel (D:5)
  Joseph (D:8)
  Psyche (D:8)
  Grinder (D:4)
  Prince Ribbit (D:6)
  Sigmund (D:5)
  A hippogriff (D:8)
  The ghost of gw the Chiller, an amateur DrIE of Okawaru (D:3)
  Menkaure (D:6)
  A hungry ghost (D:7)
  Edmund (D:4)
  A water moccasin (D:6)
  2 sky beasts
  Duvessa (D:6)
  2 ice beasts
  4 slaves (D:5)
  A black bear (D:8)
  3 ogres (D:8)
  3 centaurs
  Blork the orc (D:6)
  4 giant frogs
  Dowan (D:6)
  A wyvern skeleton (D:8)
  5 wights (D:8)
  2 killer bees (D:7)
  6 crimson imps
  A centaur zombie (D:7)
  A giant frog zombie (D:6)
  2 orc priests
  3 hounds
  Crazy Yiuf (D:4)
  A centaur skeleton (D:5)
  A jelly (D:6)
  5 orc wizards
  5 worker ants
  A gnoll shaman (D:3)
  A hound skeleton (D:6)
  A worker ant zombie (D:7)
  6 adders
  7 gnolls
  2 shadow imps
  3 adder skeletons
  5 worms
  2 giant geckos
  18 orcs
  7 bats
  3 giant cockroaches
  3 goblins
  8 hobgoblins
  6 jackals
  3 quokkas
  A giant gecko skeleton (D:6)
  3 giant gecko zombies
  8 giant newts
  8 kobolds
  A quokka skeleton (D:6)
  5 rats
170 creatures vanquished.

Vanquished Creatures (others)
  2 killer bees (D:7)
  An orc wizard (D:4)
  A worker ant (D:7)
  An ooze (D:3)
  An orc (D:7)
  A giant newt (D:7)
  4 plants (D:3)
11 creatures vanquished.

Grand Total: 181 creatures vanquished

Notes
Turn   | Place    | Note
--------------------------------------------------------------
     0 | D:1      | gw the Deep Dwarf Fighter began the quest for the Orb.
     0 | D:1      | Reached XP level 1. HP: 20/20 MP: 1/1
   297 | D:1      | Reached XP level 2. HP: 25/27 MP: 2/2
   706 | D:2      | Found an opulent altar of Gozag.
   805 | D:2      | Reached skill level 1 in Throwing
   847 | D:2      | Reached XP level 3. HP: 23/33 MP: 3/3
   947 | D:2      | Reached skill level 1 in Evocations
  1465 | D:3      | Found a stormy altar of Qazlal.
  1526 | D:3      | Noticed gw's ghost (amateur DrIE)
  1542 | D:3      | Killed gw's ghost
  1542 | D:3      | Reached XP level 4. HP: 33/42 MP: 3/5
  1542 | D:3      | Reached XP level 5. HP: 38/49 MP: 3/6
  1628 | D:3      | Found a radiant altar of Vehumet.
  1682 | D:3      | Reached skill level 4 in Axes
  2255 | D:3      | Reached XP level 6. HP: 29/56 MP: 7/7
  2857 | D:4      | Noticed Edmund
  2878 | D:4      | Killed Edmund
  2878 | D:4      | Reached skill level 5 in Axes
  2878 | D:4      | Reached XP level 7. HP: 48/63 MP: 8/8
  3309 | D:4      | Noticed Crazy Yiuf
  3312 | D:4      | Killed Crazy Yiuf
  3420 | D:4      | Noticed Grinder
  3437 | D:4      | Killed Grinder
  3477 | D:4      | Found a blossoming altar of Fedhas.
  3785 | D:5      | Entered Level 5 of the Dungeon
  3802 | D:5      | Noticed Sigmund
  3806 | D:5      | Noticed Pikel
  3812 | D:5      | Reached skill level 5 in Armour
  3812 | D:5      | Reached skill level 5 in Shields
  3820 | D:5      | Reached skill level 6 in Axes
  3824 | D:5      | Reached XP level 8. HP: 41/72 MP: 9/9
  3855 | D:5      | Killed Pikel
  3855 | D:5      | Reached skill level 7 in Axes
  3884 | D:5      | Killed Sigmund
  4450 | D:6      | Reached skill level 5 in Fighting
  4547 | D:6      | Gained mutation: You passively map the area around you. [Deep Dwarf growth]
  4547 | D:6      | Reached XP level 9. HP: 47/81 MP: 8/8
  4625 | D:6      | Noticed Blork the orc
  4632 | D:6      | Killed Blork the orc
  4697 | D:6      | Noticed Prince Ribbit
  4710 | D:6      | Killed Prince Ribbit
  4710 | D:6      | Reached skill level 8 in Axes
  4779 | D:6      | Noticed Menkaure
  4782 | D:6      | Noticed Duvessa
  4782 | D:6      | Found a staircase to the Ecumenical Temple.
  4783 | D:6      | Noticed Dowan
  4797 | D:6      | Killed Menkaure
  4801 | D:6      | Killed Duvessa
  4804 | D:6      | Killed Dowan
  4812 | Temple   | Entered the Ecumenical Temple
  4825 | Temple   | Became a worshipper of Makhleb the Destroyer
  4922 | Temple   | Identified a scroll of acquirement
  4924 | Temple   | Got an ichor-stained broad axe
  4927 | Temple   | Identified the +7 broad axe "Lifebane" {pain, SInv Stlth+} (You acquired it in the Ecumenical Temple)
  5056 | D:7      | Reached skill level 1 in Invocations
  5197 | D:7      | Found a shimmering altar of Xom.
  5242 | D:7      | Reached * piety under Makhleb
  5363 | D:7      | Reached skill level 5 in Throwing
  5380 | D:7      | Reached skill level 9 in Axes
  5575 | D:7      | Found an iron altar of Okawaru.
  5585 | D:7      | Found a snail-covered altar of Cheibriados.
  5718 | D:8      | Noticed Joseph
  5732 | D:8      | Killed Joseph
  5732 | D:8      | Reached XP level 10. HP: 74/91 MP: 7/9
  5844 | D:8      | Noticed Psyche
  6030 | D:8      | Found a burning altar of Makhleb.
  6260 | D:8      | Noticed a moth of wrath
  6267 | D:8      | Cast into the Abyss (Psyche)
  6291 | D:8      | Escaped the Abyss
  6298 | D:8      | Killed Psyche
  6304 | D:8      | Found a bloodstained altar of Trog.
  6874 | D:8      | Reached ** piety under Makhleb
  7170 | D:8      | Starved to death

Action                   |  1- 3 |  4- 6 |  7- 9 | 10-12 || total
-------------------------+-------+-------+-------+-------++-------
Melee: War axe           |   134 |   130 |   197 |       ||   461
       Broad axe         |       |       |    75 |    41 ||   116
Throw: Stone             |    73 |    63 |   100 |    34 ||   270
       Tomahawk          |       |    20 |    26 |       ||    46
 Abil: Device Recharging |       |       |     3 |       ||     3
Evoke: Wand              |       |     2 |    11 |       ||    13
  Use: Potion            |     5 |       |     7 |     1 ||    13
       Scroll            |     2 |     2 |     5 |       ||     9
 Stab: Confused          |       |       |     2 |       ||     2
  Eat: Chunk             |     2 |     5 |    10 |     2 ||    19

Vault maps used:
D:1:      dpeg_arrival_stonehenge_8_columns
D:2:      first_bread, grunt_gozag_breadcrumbs
D:3:      fiery_altar_vehumet, nicolae_qazlal_eye_of_the_storm, serial_forest,
          infiniplex_forest_clump_medium, infiniplex_forest_lined_1,
          infiniplex_forest_clump_medium, infiniplex_forest_straight_1,
          infiniplex_forest_straight_2, infiniplex_forest_straight_2,
          infiniplex_forest_clump_curved
D:4:      lemuel_coloured_pillars_altar, serial_curves, eino_curves_02,
          eino_curves_01, uniq_edmund, uniq_crazy_yiuf_cottage, uniq_grinder
D:5:      kennysheep_minor_cross, uniq_pikel, uniq_sigmund
D:6:      minmay_temple_entry_large_hall, serial_shops, kennysheep_little_box,
          uniq_blork_the_orc, uniq_menkaure, uniq_duvessa, uniq_prince_ribbit1
D:7:      xom_confusion_cloud, minitemple
D:8:      cheibrodos_stairvault_heist, tgw_trog, basic_altar, grunt_ogre_cave,
          uniq_psyche, uniq_joseph
Temple:   water_room_temple_b_12
